[Event "January 9 Early 2024"]
[Site "https://www.chess.com"]
[Date "2024.01.11"]
[Round "8"]
[White "Blokhin, Sofia"]
[Black "Begunov, Konstantin"]
[Result "0-1"]
[Board "144"]
[TimeControl "180+1"]
[WhiteFideId "4508190"]
[BlackFideId "4118510"]
[WhiteElo "2295"]
[BlackElo "2480"]
[WhiteTeam "EST"]
[BlackTeam "RUS"]
[WhiteClock "0:00:02"]
[BlackClock "0:00:10"]

1. d4 d5 2. c4 c6 3. Nc3 Nf6 4. Nf3 dxc4 5. e3 b5 6. a4 b4 7. Na2 a5 8. Bxc4 Ba6 9. Bxa6 Nxa6 10. O-O e6 11. Bd2 c5 12. b3 Be7 13. Nc1 O-O 14. Nd3 Qd5 15. Nde5 Rac8 16. Nc4 cxd4 17. Nb6 Qb7 18. Nxc8 Rxc8 19. Nxd4 Nd5 20. Rc1 Rd8 21. Qh5 Bf6 22. Nb5 Qe7 23. e4 Nb6 24. Be3 Nd7 25. Rc6 Ra8 26. Rfc1 g6 27. Qh6 Bg7 28. Rc8+ Rxc8 29. Rxc8+ Nf8 30. Qg5 Bf6 31. Qg3 Qd7 32. Rc1 Qd3 33. h3 Qxb3 34. Rc8 Qxa4 35. Qd6 Bg7 36. Bd4 Qd1+ 37. Kh2 e5 38. Bxe5 Qxd6 39. Bxd6 b3 40. Bxf8 Bxf8 41. Nd4 b2 42. Nc6 b1=Q 43. Ne7+ Kg7 0-1

[Event "January 9 Early 2024"]
[Site "https://www.chess.com"]
[Date "2024.01.11"]
[Round "8"]
[White "Sarana, Alexey"]
[Black "Liascovich, Lucas"]
[Result "0-1"]
[Board "145"]
[TimeControl "180+1"]
[WhiteFideId "24133795"]
[BlackFideId "108634"]
[WhiteElo "3051"]
[BlackElo "2919"]
[WhiteTeam "SRB"]
[BlackTeam "ARG"]
[WhiteClock "0:00:02"]
[BlackClock "0:00:13"]

1. d4 Nf6 2. c4 e5 3. dxe5 Ng4 4. Nf3 Nc6 5. Nc3 Ngxe5 6. Nxe5 Nxe5 7. g3 Bb4 8. Qb3 a5 9. Bg2 O-O 10. O-O d6 11. a3 Bc5 12. Na4 Ba7 13. Bf4 Qe7 14. Rac1 Re8 15. Nc3 c6 16. Qa2 Be6 17. b3 h5 18. h4 Ng6 19. Bg5 f6 20. Bd2 Rad8 21. Qc2 Bf7 22. Rce1 Ne5 23. Bf4 Bg6 24. Qd2 Bc5 25. Na4 Bxa3 26. Qxa5 d5 27. c5 Ra8 28. Qc3 Rxa4 29. bxa4 Bxc5 30. Rc1 Ba7 31. Qb3 Kh8 32. Rce1 Ng4 33. e3 Bf7 34. Qb2 d4 35. Kh1 g5 36. hxg5 fxg5 37. Bxg5 Qxg5 38. exd4 Rf8 39. d5+ Kg8 40. dxc6 bxc6 41. f4 Qg7 42. Bxc6 Qxb2 0-1

[Event "January 9 Early 2024"]
[Site "https://www.chess.com"]
[Date "2024.01.11"]
[Round "8"]
[White "Sychev, Klementy"]
[Black "McCoy, Owen"]
[Result "1-0"]
[Board "146"]
[TimeControl "180+1"]
[WhiteFideId "4114060"]
[BlackFideId "30924502"]
[WhiteElo "2795"]
[BlackElo "2603"]
[WhiteTeam "FID"]
[BlackTeam "USA"]
[WhiteClock "0:00:03"]
[BlackClock "0:00:03"]

1. e4 e5 2. Nc3 Nc6 3. g3 Nf6 4. Bg2 Bc5 5. d3 d6 6. Nge2 Be6 7. h3 Nd4 8. O-O Qd7 9. Kh2 h5 10. f4 Nxe2 11. Qxe2 Bg4 12. Qe1 h4 13. gxh4 exf4 14. e5 dxe5 15. Qxe5+ Be7 16. Bxf4 Rh5 17. Qxc7 Rc8 18. Qxd7+ Bxd7 19. Bxb7 Rcc5 20. Bg3 g5 21. Rae1 Kd8 22. d4 Rc4 23. Be5 Ne8 24. Bd5 Rb4 25. Bb3 Rxh4 26. Re3 f6 27. Bg3 Rxh3+ 28. Kg2 Rxd4 29. Rfe1 Rd2+ 30. R1e2 Rxe2+ 31. Nxe2 Rh7 32. Nd4 Bc5 33. Ne6+ Bxe6 34. Rxe6 Re7 35. Rc6 Bb6 36. Be6 Bc7 37. Bf2 Nd6 38. Bh3 Re5 39. Bd4 Rd5 40. Bxf6+ Ke8 41. Rxc7 Rd2+ 42. Kf1 Ne4 43. Re7+ Kf8 44. Rxe4 1-0

[Event "January 9 Early 2024"]
[Site "https://www.chess.com"]
[Date "2024.01.11"]
[Round "8"]
[White "Zhu, Hengyi"]
[Black "Zemlyanskii, Ivan"]
[Result "1/2-1/2"]
[Board "147"]
[TimeControl "180+1"]
[WhiteFideId "8611211"]
[BlackFideId "24249971"]
[WhiteElo "2799"]
[BlackElo "2982"]
[WhiteTeam "CHN"]
[BlackTeam "RUS"]
[WhiteClock "0:00:20"]
[BlackClock "0:00:01"]

1. e4 c5 2. Nf3 e6 3. c3 d5 4. exd5 Qxd5 5. d4 Nf6 6. Na3 Qd8 7. Nc2 Nc6 8. Bd3 Be7 9. O-O O-O 10. Qe2 cxd4 11. Ncxd4 Bd7 12. Nxc6 Bxc6 13. Ne5 Qc7 14. Nxc6 Qxc6 15. Rd1 Rfd8 16. Bf4 h6 17. h3 Bd6 18. Be3 Bc5 19. Bf4 a6 20. Bc2 Qb6 21. b4 Bd6 22. Be3 Qc7 23. Rac1 Bf4 24. Bb3 Rac8 25. c4 Bxe3 26. Qxe3 a5 27. a3 b6 28. Rxd8+ Qxd8 29. c5 axb4 30. axb4 bxc5 31. Rxc5 Ra8 32. g3 Qd6 33. Kg2 Nd7 34. Rc4 Nb6 35. Qf3 Ra3 36. Rc6 Qd8 37. b5 Nd5 38. Bxd5 Rxf3 39. Bxf3 g5 40. b6 Qb8 41. g4 Kg7 42. Be4 Qb7 43. Bf3 Qb8 44. Be4 Kf6 45. Bf3 Kg7 1/2-1/2

[Event "January 9 Early 2024"]
[Site "https://www.chess.com"]
[Date "2024.01.11"]
[Round "8"]
[White "Iljin, Timofey"]
[Black "Csonka, Balazs"]
[Result "0-1"]
[Board "148"]
[TimeControl "180+1"]
[WhiteFideId "14110180"]
[BlackFideId "742910"]
[WhiteElo "2545"]
[BlackElo "2709"]
[WhiteTeam "UKR"]
[BlackTeam "HUN"]
[WhiteClock "0:00:01"]
[BlackClock "0:00:04"]

1. e4 e5 2. Nf3 Nc6 3. d4 exd4 4. c3 Nf6 5. e5 Nd5 6. cxd4 Bb4+ 7. Bd2 Bxd2+ 8. Nbxd2 O-O 9. Bd3 Nf4 10. Bf1 d6 11. g3 Ng6 12. h4 Re8 13. h5 Nf8 14. Nc4 Bg4 15. Be2 dxe5 16. dxe5 Bxf3 17. Bxf3 Nxe5 18. Nxe5 Rxe5+ 19. Kf1 c6 20. Kg2 Qf6 21. Qb3 Rb5 22. Qe3 Rxb2 23. a4 Ne6 24. Rad1 h6 25. a5 Ng5 26. Bg4 Rf8 27. Rd4 b6 28. a6 Ne6 29. Rd6 c5 30. Rhd1 Qg5 31. Qc3 Ra2 32. Qc4 Ra3 33. Rd7 Kh8 34. Re1 Qf6 35. Qc1 Rc3 36. Qd2 Rc4 37. Bh3 Rd4 38. Rxd4 Qxd4 39. Qe2 Qd5+ 40. Kh2 Nd4 41. Qd1 Nf3+ 0-1

[Event "January 9 Early 2024"]
[Site "https://www.chess.com"]
[Date "2024.01.11"]
[Round "8"]
[White "Recuero Guerra, Javier"]
[Black "Derjabin, Ilja"]
[Result "0-1"]
[Board "149"]
[TimeControl "180+1"]
[WhiteFideId "2254085"]
[BlackFideId "14104768"]
[WhiteElo "2286"]
[BlackElo "2512"]
[WhiteTeam "ESP"]
[BlackTeam "UKR"]
[WhiteClock "0:00:01"]
[BlackClock "0:00:06"]

1. e4 c5 2. Nf3 d6 3. c3 Nf6 4. Be2 g6 5. O-O Bg7 6. Re1 O-O 7. Bf1 Bg4 8. h3 Bxf3 9. Qxf3 Nc6 10. Qd1 a6 11. d4 Rc8 12. d5 Nb8 13. a4 e6 14. dxe6 fxe6 15. Qb3 Qd7 16. Bf4 Nc6 17. Nd2 Nh5 18. Bh2 Be5 19. Bxe5 Nxe5 20. Nc4 Qf7 21. Qc2 Nxc4 22. Bxc4 d5 23. Bf1 d4 24. f3 e5 25. b3 Kg7 26. Rad1 Qf4 27. Bc4 Qg5 28. Qf2 Rc7 29. cxd4 cxd4 30. Kh1 Nf4 31. Kh2 b5 32. h4 Qe7 33. Bf1 bxa4 34. bxa4 Rfc8 35. Rb1 Rc2 36. Qg3 Nh5 37. Qg4 R8c7 38. Rb3 Qf7 39. Reb1 Nf6 40. Qg3 h6 0-1

[Event "January 9 Early 2024"]
[Site "https://www.chess.com"]
[Date "2024.01.11"]
[Round "8"]
[White "Toktomushev, Teimur"]
[Black "Rodriguez Santiago, Jaime"]
[Result "0-1"]
[Board "150"]
[TimeControl "180+1"]
[WhiteFideId "14176726"]
[BlackFideId "3100898"]
[WhiteElo "2463"]
[BlackElo "2306"]
[WhiteTeam "UKR"]
[BlackTeam "PUR"]
[WhiteClock "0:00:03"]
[BlackClock "0:00:17"]

1. d4 Nf6 2. c4 e6 3. Nf3 d5 4. Nc3 c5 5. cxd5 Nxd5 6. e4 Nxc3 7. bxc3 cxd4 8. cxd4 Bb4+ 9. Bd2 Bxd2+ 10. Qxd2 O-O 11. Bc4 Nd7 12. O-O b6 13. Rad1 Bb7 14. Rfe1 Rc8 15. Bd3 h6 16. h3 Qe7 17. d5 Nc5 18. Bb1 exd5 19. exd5 Qd6 20. Qc2 g6 21. Qd2 Kh7 22. Ne5 Rcd8 23. Ng4 h5 24. Qh6+ Kg8 25. Re6 Qxe6 26. dxe6 Rxd1+ 27. Kh2 hxg4 28. e7 Ne6 29. exf8=Q+ Nxf8 30. Bc2 Rf1 31. Qe3 gxh3 32. Kxh3 Rh1+ 33. Kg3 Ne6 34. Bb3 Bc8 35. Qc3 Bd7 36. f3 Nc5 37. Qf6 Be6 38. Qd8+ Kg7 39. Bxe6 Nxe6 40. Qd7 a5 41. Qb5 Rh5 42. Qxb6 Rg5+ 43. Kf2 Rf5 44. Qb2+ Kh7 45. Ke2 Nf4+ 46. Kf1 Rd5 47. Kg1 Rd1+ 48. Kh2 Rd5 49. Qf6 Rf5 50. Qh4+ Rh5 0-1

[Event "January 9 Early 2024"]
[Site "https://www.chess.com"]
[Date "2024.01.11"]
[Round "8"]
[White "Mayaud, Raphael"]
[Black "Kraus, Tomas"]
[Result "0-1"]
[Board "151"]
[TimeControl "180+1"]
[WhiteFideId "627151"]
[BlackFideId "331708"]
[WhiteElo "2295"]
[BlackElo "2351"]
[WhiteTeam "FRA"]
[BlackTeam "CZE"]
[WhiteClock "0:00:08"]
[BlackClock "0:00:09"]

1. d4 d5 2. Nf3 Nf6 3. c4 c6 4. Nc3 dxc4 5. a4 Nd5 6. e4 Nxc3 7. bxc3 b5 8. g3 Bb7 9. Bg2 e6 10. O-O Be7 11. Qc2 O-O 12. Rd1 a6 13. Ba3 Bxa3 14. Rxa3 Qe7 15. Ra2 Nd7 16. Rb1 e5 17. h4 Rfb8 18. Nd2 exd4 19. cxd4 Nb6 20. axb5 cxb5 21. d5 Na4 22. f4 Nc5 23. e5 Nd3 24. Rd1 Qc5+ 25. Kh2 Bxd5 26. Nf3 Qc6 27. Nd4 Qb7 28. Bh3 Nf2 29. Qxf2 b4 30. f5 b3 31. Rb2 c3 32. Rxb3 Bxb3 33. Nxb3 Qxb3 34. Rc1 Qb2 35. Rc2 Qb3 36. f6 Qxc2 37. Qxc2 Rb2 38. Bf5 Rxc2+ 39. Bxc2 Rb8 40. Kh3 Rb2 41. Be4 c2 42. Bxc2 Rxc2 43. g4 gxf6 44. g5 fxg5 45. h5 Rc4 46. Kg3 h6 47. Kf3 Kf8 48. Ke3 Ke7 49. Kd3 Rf4 0-1

[Event "January 9 Early 2024"]
[Site "https://www.chess.com"]
[Date "2024.01.11"]
[Round "8"]
[White "Terry, Renato"]
[Black "Zou, Chen"]
[Result "1-0"]
[Board "152"]
[TimeControl "180+1"]
[WhiteFideId "3803457"]
[BlackFideId "8610959"]
[WhiteElo "2990"]
[BlackElo "2811"]
[WhiteTeam "PER"]
[BlackTeam "CHN"]
[WhiteClock "0:00:44"]
[BlackClock "0:00:01"]

1. d4 g6 2. c3 Bg7 3. e4 a6 4. Nf3 d6 5. Bc4 e6 6. a4 Ne7 7. O-O O-O 8. Nbd2 b6 9. Re1 Bb7 10. Nf1 Nd7 11. Ng3 d5 12. exd5 Nxd5 13. Bg5 Qc8 14. Qd2 c5 15. Rac1 Qc6 16. Bb3 b5 17. axb5 axb5 18. h4 c4 19. Bc2 Ra2 20. Bb1 Raa8 21. h5 N5f6 22. Bh6 Rfe8 23. Bxg7 Kxg7 24. h6+ Kg8 25. Qf4 Nd5 26. Qg5 Qd6 27. Ne5 Nxe5 28. dxe5 Qe7 29. Qg4 Kh8 30. Ne4 f5 31. exf6 Nxf6 32. Qg3 Bxe4 33. Bxe4 Nxe4 34. Rxe4 Qf6 35. Rce1 g5 36. Re5 Qxh6 37. Rxb5 Qf6 38. Rxg5 Rg8 39. Qe5 Raf8 40. Rxg8+ Kxg8 41. Qxe6+ Qxe6 42. Rxe6 Rb8 43. Re2 Kf7 44. f3 Kf6 45. Kf2 h5 46. Kg3 Kg5 47. f4+ Kf6 48. Kh4 Kf5 49. g3 Rb7 50. Re5+ Kf6 51. Kxh5 Rxb2 52. Rc5 Rg2 53. Kg4 Rc2 54. Rc6+ Kf7 55. Rxc4 Rd2 1-0

[Event "January 9 Early 2024"]
[Site "https://www.chess.com"]
[Date "2024.01.11"]
[Round "8"]
[White "Janaszak, Dawid"]
[Black "Finek, Vaclav"]
[Result "0-1"]
[Board "153"]
[TimeControl "180+1"]
[WhiteFideId "1119206"]
[BlackFideId "23718293"]
[WhiteElo "2616"]
[BlackElo "2810"]
[WhiteTeam "POL"]
[BlackTeam "CZE"]
[WhiteClock "0:00:05"]
[BlackClock "0:00:12"]

1. d4 Nf6 2. Nf3 d5 3. Bf4 c5 4. e3 e6 5. Nbd2 Qb6 6. dxc5 Bxc5 7. Bd3 O-O 8. O-O Nc6 9. Nb3 Be7 10. c4 Rd8 11. Qe2 Bd7 12. Rac1 dxc4 13. Bxc4 Be8 14. e4 a5 15. Be3 Qc7 16. Nfd4 a4 17. Nb5 Qe5 18. Nd2 Nxe4 19. Nf3 Qf5 20. Bb6 Rd7 21. Nc7 Rc8 22. Nxe8 Rxe8 23. Bd3 Ng3 24. fxg3 Qxd3 25. Qf2 Bf6 26. g4 h6 27. h4 Ne5 28. Qg3 Nc4 29. Bf2 Bxb2 30. Rce1 Bc3 31. Rc1 Nd2 32. Nxd2 Qxg3 33. Bxg3 Bxd2 34. Rc2 Be3+ 35. Kh2 b6 36. Rf3 Bc5 37. g5 hxg5 38. hxg5 Kh7 39. Be5 Kg6 40. Rc4 Rd5 41. Bb2 Rxg5 42. Rxa4 Rh8+ 43. Rh3 Rxh3+ 44. Kxh3 Rh5+ 45. Kg3 f6 46. Ra8 e5 47. a4 Rg5+ 48. Kf3 Rf5+ 49. Kg3 Bf2+ 50. Kg4 Rf4+ 0-1

[Event "January 9 Early 2024"]
[Site "https://www.chess.com"]
[Date "2024.01.11"]
[Round "8"]
[White "Pourkashiyan, Atousa"]
[Black "Wu, Derek"]
[Result "1/2-1/2"]
[Board "154"]
[TimeControl "180+1"]
[WhiteFideId "12502014"]
[BlackFideId "30914558"]
[WhiteElo "2501"]
[BlackElo "2663"]
[WhiteTeam "USA"]
[BlackTeam "USA"]
[WhiteClock "0:00:10"]
[BlackClock "0:00:28"]

1. d4 d5 2. c4 c6 3. Nf3 Nf6 4. Nc3 dxc4 5. Ne5 Bf5 6. Nxc4 e6 7. e3 Nbd7 8. Be2 Bb4 9. O-O O-O 10. Bd2 Qe7 11. a3 Bxc3 12. Bxc3 Ne4 13. Rc1 Nb6 14. Ne5 Nxc3 15. Rxc3 Rfd8 16. Bd3 Bg6 17. Bxg6 hxg6 18. Qg4 Nd5 19. Rcc1 Rac8 20. Rfd1 c5 21. dxc5 Rxc5 22. Rxc5 Qxc5 23. e4 Qc7 24. Nxf7 Qxf7 25. exd5 Rxd5 26. g3 Qf5 27. Qe2 g5 28. Rxd5 Qxd5 29. h3 a5 30. Kh2 Kf7 31. Qe3 Kg6 32. Qc3 Qf5 33. Qe3 b5 34. b4 a4 35. Qb6 Kh7 36. Qe3 Qd5 37. Qe2 Qc4 38. Qh5+ Kg8 39. Qxg5 Qd4 40. Qe3 Qd5 41. h4 Kf7 42. Qf4+ Kg8 43. Qb8+ Kh7 44. Qf4 Qd3 45. Qe3 Qc2 46. g4 e5 47. Kg3 Qb2 48. Qd3+ Kg8 49. g5 Qb3 50. Qe3 Kf7 51. h5 Ke6 52. Kg4 Qd1+ 53. Qf3 Qg1+ 54. Qg3 Qd1+ 55. Kh4 Kd6 56. h6 Qh1+ 57. Qh3 Qe4+ 58. Qg4 Qh1+ 59. Qh3 Qe4+ 60. Qg4 Qh1+ 61. Qh3 1/2-1/2

[Event "January 9 Early 2024"]
[Site "https://www.chess.com"]
[Date "2024.01.11"]
[Round "8"]
[White "Potkin, Vladimir"]
[Black "Liu, Casper"]
[Result "0-1"]
[Board "155"]
[TimeControl "180+1"]
[WhiteFideId "4131061"]
[BlackFideId "1454153"]
[WhiteElo "2655"]
[BlackElo "2509"]
[WhiteTeam "RUS"]
[BlackTeam "DEN"]
[WhiteClock "0:00:09"]
[BlackClock "0:00:07"]

1. Nf3 d6 2. e4 Nf6 3. Nc3 g6 4. d4 Bg4 5. Be2 Bg7 6. O-O O-O 7. Be3 Nc6 8. d5 Bxf3 9. Bxf3 Ne5 10. Be2 a6 11. f4 Ned7 12. Bf3 e6 13. dxe6 fxe6 14. e5 dxe5 15. Bxb7 Rb8 16. Bxa6 Rxb2 17. Bc4 exf4 18. Bxf4 Kh8 19. Bb3 Nc5 20. Qxd8 Rxd8 21. Bxc7 Rc8 22. Be5 Ng4 23. Bxg7+ Kxg7 24. Na4 Nxb3 25. cxb3 Rd2 26. Rfd1 Re2 27. Re1 Rd2 28. Rac1 Rxc1 29. Rxc1 Ne3 30. Nc5 Rxg2+ 31. Kh1 Rxa2 32. Nxe6+ Kf6 33. Nc5 Ke5 34. b4 Kd4 35. Ne6+ Ke4 36. b5 Rb2 37. Nc5+ Kf3 38. Ne6 Rg2 39. b6 Rb2 40. Ng5+ Kf4 41. Nxh7 Rxb6 42. Rg1 Ng4 43. h3 Nf2+ 44. Kh2 Ne4 45. Rxg6 Rxg6 0-1

[Event "January 9 Early 2024"]
[Site "https://www.chess.com"]
[Date "2024.01.11"]
[Round "8"]
[White "Vachier-Lagrave, Maxime"]
[Black "Le, Tuan Minh"]
[Result "0-1"]
[Board "156"]
[TimeControl "180+1"]
[WhiteFideId "623539"]
[BlackFideId "12401153"]
[WhiteElo "3163"]
[BlackElo "3024"]
[WhiteTeam "FRA"]
[BlackTeam "VIE"]
[WhiteClock "0:00:36"]
[BlackClock "0:00:08"]

1. e4 e5 2. Nf3 Nc6 3. Bc4 Bc5 4. c3 Nf6 5. d3 d6 6. O-O a6 7. a4 Ba7 8. Nbd2 O-O 9. Re1 Ng4 10. Re2 Kh8 11. Nf1 f5 12. Bg5 Qe8 13. exf5 Bxf5 14. d4 Qg6 15. Bc1 exd4 16. cxd4 Be4 17. Nh4 Qf6 18. Rxe4 Nxf2 19. Bg5 Qxg5 20. Nf3 Rxf3 21. Qxf3 Nxe4 22. Qxe4 Qe5 23. Qxe5 Nxe5 24. Be2 Bxd4+ 25. Kh1 Rf8 26. Ng3 g6 27. Rd1 Bb6 28. h3 a5 29. b3 Rf4 30. Nf1 Kg7 31. Nd2 Rd4 32. g3 Bc5 33. Kg2 Bb4 34. Nc4 Rxd1 35. Bxd1 Nxc4 36. bxc4 Kf6 37. Kf3 Ke5 38. Ke3 Bc5+ 39. Kd3 Bf2 40. Bf3 c6 41. Bg4 Bxg3 42. Bc8 b5 43. cxb5 cxb5 44. axb5 Bf2 45. Bg4 Bb6 46. Bd1 d5 47. Bb3 Kd6 48. Kc3 Kc5 49. Kd3 Bd8 50. Ba2 h5 51. Bb3 g5 52. Bd1 h4 53. Bf3 a4 54. Kc2 d4 55. Be2 Kb4 56. Kb2 a3+ 57. Ka2 Bb6 58. Bf1 Bc5 0-1

[Event "January 9 Early 2024"]
[Site "https://www.chess.com"]
[Date "2024.01.11"]
[Round "8"]
[White "Morales Garcia, Sergio Joshafatt"]
[Black "Lund, Gunnar"]
[Result "0-1"]
[Board "157"]
[TimeControl "180+1"]
[WhiteFideId "5106249"]
[BlackFideId "1520814"]
[WhiteElo "2461"]
[BlackElo "2664"]
[WhiteTeam "MEX"]
[BlackTeam "NOR"]
[WhiteClock "0:00:02"]
[BlackClock "0:00:15"]

1. d4 d5 2. c4 e6 3. Nf3 Nf6 4. Nc3 Be7 5. Bf4 O-O 6. e3 Nbd7 7. c5 c6 8. b4 b6 9. Bd3 a5 10. a3 Ba6 11. O-O Re8 12. h3 Qc8 13. Qe2 Bf8 14. Rfb1 Bxd3 15. Qxd3 b5 16. a4 axb4 17. Rxb4 Ne4 18. Nxe4 dxe4 19. Qxe4 Nf6 20. Qc2 Nd5 21. Rbb1 bxa4 22. Ne5 Rd8 23. Bg3 Ra7 24. Nc4 Qa6 25. e4 Nf6 26. Rb6 Qc8 27. Nd6 Bxd6 28. Bxd6 Qa8 29. Ra3 h6 30. Rb4 Ne8 31. Be5 f6 32. Bg3 Nc7 33. Raxa4 Rxa4 34. Rxa4 Qb7 35. Qa2 Nb5 36. Qxe6+ Kh8 37. d5 Nc3 38. Rc4 Ne2+ 39. Kh2 Qb1 40. h4 Qg1+ 41. Kh3 Qh1+ 42. Kg4 Qxg2 43. dxc6 h5+ 44. Kxh5 Qf3+ 45. Qg4 g6+ 46. Kh6 Qxg4 47. c7 Qh5# 0-1

[Event "January 9 Early 2024"]
[Site "https://www.chess.com"]
[Date "2024.01.11"]
[Round "8"]
[White "Sierra Vallina, Lionel"]
[Black "Khouri, Ahmed Abbas"]
[Result "1-0"]
[Board "158"]
[TimeControl "180+1"]
[WhiteFideId "54559774"]
[BlackFideId "9301518"]
[WhiteElo "2630"]
[BlackElo "2302"]
[WhiteTeam "ESP"]
[BlackTeam "UAE"]
[WhiteClock "0:00:04"]
[BlackClock "0:00:03"]

1. e4 d5 2. exd5 Qxd5 3. Nc3 Qd6 4. d4 Nf6 5. Nf3 Bg4 6. h3 Bh5 7. g4 Bg6 8. Ne5 Nbd7 9. Nc4 Qe6+ 10. Be3 Ne4 11. d5 Qf6 12. Nb5 O-O-O 13. Nxa7+ Kb8 14. Nb5 e6 15. g5 Nxg5 16. Bg2 Bc5 17. d6 c6 18. Nd4 Be4 19. Bxg5 Qxg5 20. Bxe4 Qh4 21. Qd3 f5 22. Nxc6+ bxc6 23. Qb3+ Kc8 24. Bxc6 Qxf2+ 25. Kd1 Qd4+ 26. Kc1 Nb6 27. Nxb6+ Bxb6 28. Rd1 Qc5 29. Qxe6+ Kb8 30. d7 Rhf8 31. a3 f4 32. b4 Qc3 33. Ra2 f3 34. Qd6+ Ka7 35. a4 f2 36. a5 f1=Q 37. axb6+ Kxb6 38. Bg2+ Kb5 39. Bxf1+ Rxf1 40. Ra5+ Kc4 41. Qc5# 1-0

[Event "January 9 Early 2024"]
[Site "https://www.chess.com"]
[Date "2024.01.11"]
[Round "8"]
[White "Filali, Razzouki Marouane"]
[Black "Martin Fuentes, Alberto"]
[Result "0-1"]
[Board "159"]
[TimeControl "180+1"]
[WhiteFideId "9003720"]
[BlackFideId "2292289"]
[WhiteElo "2431"]
[BlackElo "2614"]
[WhiteTeam "MAR"]
[BlackTeam "ESP"]
[WhiteClock "0:00:37"]
[BlackClock "0:00:33"]

1. b3 Nf6 2. Bb2 g6 3. g3 Bg7 4. Bg2 O-O 5. e3 c5 6. Ne2 d5 7. O-O Nc6 8. d4 cxd4 9. Nxd4 Nxd4 10. Bxd4 b6 11. Nd2 Ba6 12. Re1 Rc8 13. Rc1 Qd7 14. c4 dxc4 15. Nxc4 Bxc4 16. bxc4 Rfd8 17. Qb3 Ne8 18. Red1 Qc7 19. Bh3 Rb8 20. Qa3 e5 21. Ba1 Rxd1+ 22. Rxd1 Bf8 23. Qa4 Rd8 24. Rd7 Rxd7 25. Qxd7 Qxd7 26. Bxd7 Nf6 27. Bb5 Bd6 28. f4 Ng4 29. fxe5 Bxe5 30. Bd4 Kf8 31. Bd7 Bxd4 32. exd4 Ne3 33. c5 Ke7 34. Ba4 Nf5 35. cxb6 axb6 36. d5 Ne3 37. Bb3 Kd6 38. Kf2 Nxd5 39. Kf3 Ke5 40. Kg4 h6 41. h4 f5+ 42. Kf3 g5 43. hxg5 hxg5 44. g4 f4 45. Ke2 Kd4 46. Kf3 Nc3 47. Bg8 Ne4 48. Be6 b5 49. Ke2 b4 50. Kf3 Nc3 51. Bf7 Nb1 52. Bg8 Nd2+ 53. Kf2 Kc3 54. Ke2 Ne4 55. Kf3 Nf6 56. Be6 Kb2 57. Bf7 Nd7 58. Be6 Nc5 59. Bc4 Kc1 60. Bd5 Kc2 61. Bc4 Kb2 62. Bf7 Na4 63. Ke4 Nc3+ 64. Kf5 f3 65. Kxg5 f2 66. Bc4 Nxa2 67. Kf4 Kc3 68. Bf1 b3 69. g5 b2 70. g6 b1=Q 71. g7 Qg6 0-1

[Event "January 9 Early 2024"]
[Site "https://www.chess.com"]
[Date "2024.01.11"]
[Round "8"]
[White "Bharath Subramaniyam H"]
[Black "Lagarde, Maxime"]
[Result "1-0"]
[Board "160"]
[TimeControl "180+1"]
[WhiteFideId "46634827"]
[BlackFideId "662399"]
[WhiteElo "2963"]
[BlackElo "2825"]
[WhiteTeam "IND"]
[BlackTeam "FRA"]
[WhiteClock "0:00:13"]
[BlackClock "0:00:02"]

1. b3 e5 2. Bb2 Nc6 3. c4 Nf6 4. e3 d5 5. cxd5 Nxd5 6. a3 Bd6 7. d3 O-O 8. Nf3 Be6 9. Nbd2 a5 10. Be2 f5 11. Nc4 Qf6 12. O-O g5 13. d4 e4 14. Nfe5 Bxe5 15. dxe5 Qg6 16. Qc2 g4 17. Nd2 h5 18. Bb5 Nce7 19. a4 b6 20. Ba3 c5 21. g3 h4 22. Rfd1 hxg3 23. hxg3 Qh6 24. Bf1 Nxe3 25. fxe3 Qxe3+ 26. Kg2 f4 27. Nxe4 Kg7 28. gxf4 Rxf4 29. Re1 Qh3+ 30. Kg1 Qxb3 31. Qxb3 Bxb3 32. e6 Kg6 33. Bc1 Rf5 34. Ng3 Rff8 35. Bd3+ Kg7 36. Bb2+ Kg8 37. Re2 Rf3 38. Be4 Rxg3+ 39. Kf2 Rf3+ 40. Bxf3 gxf3 41. Rg1+ Kf8 42. Re4 Nd5 43. Rh4 Ke7 44. Rg6 Kd6 45. e7+ Kxe7 46. Rh7+ Kf8 47. Rgg7 Nf6 48. Bxf6 1-0

[Event "January 9 Early 2024"]
[Site "https://www.chess.com"]
[Date "2024.01.11"]
[Round "8"]
[White "Estrada Nieto, Julian"]
[Black "Krzyzanowski, Marcin"]
[Result "1/2-1/2"]
[Board "161"]
[TimeControl "180+1"]
[WhiteFideId "5101018"]
[BlackFideId "1132199"]
[WhiteElo "2603"]
[BlackElo "2773"]
[WhiteTeam "ESP"]
[BlackTeam "POL"]
[WhiteClock "0:00:07"]
[BlackClock "0:00:06"]

1. e4 e5 2. Nf3 Nc6 3. Bb5 a6 4. Ba4 d6 5. Bxc6+ bxc6 6. d4 exd4 7. Nxd4 Bd7 8. Nc3 Nf6 9. O-O Be7 10. Qf3 O-O 11. e5 dxe5 12. Nxc6 Bxc6 13. Qxc6 Qd6 14. Qc4 Rab8 15. Rd1 Qb6 16. b3 Bc5 17. Qe2 Bd4 18. Na4 Qb5 19. c4 Qc6 20. Bb2 Rbd8 21. Bxd4 exd4 22. Nb2 Rfe8 23. Qd3 Ng4 24. Qg3 Nf6 25. Nd3 Ne4 26. Qf3 Qd6 27. Re1 Nc3 28. a4 h6 29. h3 a5 30. Kf1 Qb6 31. Ne5 f6 32. Nc6 Qxb3 33. Nxd8 Qxc4+ 34. Kg1 Rxd8 35. Re7 Nd5 36. Re4 Qc3 37. Rd1 Qxf3 38. gxf3 c5 39. Re6 Nb4 40. Re7 c4 41. Rc7 c3 42. Re1 d3 43. Ree7 d2 44. Rxg7+ Kh8 45. Rh7+ Kg8 46. Rcg7+ Kf8 47. Rf7+ Kg8 48. Rhg7+ Kh8 49. Rh7+ Kg8 50. Rhg7+ Kh8 51. Rh7+ Kg8 1/2-1/2

[Event "January 9 Early 2024"]
[Site "https://www.chess.com"]
[Date "2024.01.11"]
[Round "8"]
[White "Ratnesan, Ranesh"]
[Black "Al-Tarboush, Ward"]
[Result "1-0"]
[Board "162"]
[TimeControl "180+1"]
[WhiteFideId "439339"]
[BlackFideId "7601450"]
[WhiteElo "2355"]
[BlackElo "2616"]
[WhiteTeam "ENG"]
[BlackTeam "NOR"]
[WhiteClock "0:00:19"]
[BlackClock "0:00:12"]

1. d4 Nf6 2. c4 b6 3. Nc3 Bb7 4. Nf3 e6 5. g3 Be7 6. Bg2 O-O 7. O-O Ne4 8. Qc2 Nxc3 9. Qxc3 c5 10. Rd1 d6 11. d5 Bf6 12. Qc2 exd5 13. cxd5 Nd7 14. Bf4 Qe7 15. e4 Rae8 16. Re1 Ne5 17. Nd2 Ng6 18. Be3 Ba6 19. f4 h5 20. h4 Nxh4 21. gxh4 Bxh4 22. Bf2 Bxf2+ 23. Kxf2 Qh4+ 24. Kg1 Qxf4 25. Qc3 Re5 26. Qe3 Qg4 27. Nf3 Re7 28. Nh2 Qg6 29. Qf4 Rfe8 30. Re3 Re5 31. Kh1 Rg5 32. Bh3 Ree5 33. Nf3 f6 34. Nxe5 dxe5 35. Qf2 h4 36. Rg1 Rxg1+ 37. Qxg1 Qh6 38. d6 Bb5 39. d7 Bxd7 40. Bxd7 Qf4 41. Bf5 g5 42. Rd3 Kg7 43. Rd7+ Kh8 44. Rd8+ Kg7 45. Rd7+ Kh8 46. Rxa7 Qf3+ 47. Qg2 Qd1+ 48. Kh2 Qc1 49. Qe2 Qf4+ 50. Kg2 Qg3+ 51. Kh1 g4 52. Qxg4 Qe1+ 53. Kh2 Qf2+ 54. Kh3 Qe3+ 55. Kxh4 Qf2+ 56. Kh5 Qh2+ 57. Kg6 Kg8 58. Ra8# 1-0

[Event "January 9 Early 2024"]
[Site "https://www.chess.com"]
[Date "2024.01.11"]
[Round "8"]
[White "Krishnan, Ritvik"]
[Black "Sakun, Volodymyr"]
[Result "0-1"]
[Board "163"]
[TimeControl "180+1"]
[WhiteFideId "45055297"]
[BlackFideId "14114062"]
[WhiteElo "2500"]
[BlackElo "2624"]
[WhiteTeam "IND"]
[BlackTeam "UKR"]
[WhiteClock "0:00:06"]
[BlackClock "0:00:13"]

1. e4 e5 2. Nf3 Nc6 3. Bb5 a6 4. Ba4 Nf6 5. Nc3 d6 6. O-O Bd7 7. d4 b5 8. Bb3 Nxd4 9. Nxd4 exd4 10. Nd5 Be7 11. a4 c5 12. axb5 Bxb5 13. Re1 O-O 14. Qf3 Nxd5 15. Bxd5 Rb8 16. Bf4 Bf6 17. Rac1 Qe7 18. Qg3 Be5 19. Qf3 Qf6 20. g3 g5 21. Qg4 Bxf4 22. gxf4 Qxf4 23. Qxf4 gxf4 24. e5 dxe5 25. Rxe5 Rbe8 26. Rce1 Kg7 27. R1e4 f5 28. Rxe8 Rxe8 29. Rxf4 Re1+ 30. Kg2 Kg6 31. b4 Kg5 32. Kg3 Rg1+ 33. Kf3 Be2+ 34. Kxe2 Kxf4 35. bxc5 Ke5 36. Bf3 Ra1 37. c6 Kd6 38. Bg2 Ra3 39. Kd2 Rc3 40. Kd1 a5 41. Kc1 a4 42. Kb2 a3+ 43. Kb1 a2+ 44. Kxa2 Rxc2+ 45. Kb3 Rxf2 0-1